 Dungeon Crawl Stone Soup version 0.27.1-33-g824d729ab1 (webtiles) character file.

Game seed: 1122416457420146798

413 pkoi the Ruffian (level 6, 0/51 HPs)
             Began as a Draconian Monk on Dec 28, 2021.
             Was a Believer of the Shining One.
             Slain by a killer bee (2 damage)
             ... on level 4 of the Dungeon.
             The game lasted 00:04:03 (4974 turns).

pkoi the Ruffian (Draconian Monk)                   Turns: 4974, Time: 00:04:04

Health: 0/51       AC:  6    Str: 14    XL:     6   Next: 59%
Magic:  6/6        EV: 12    Int: 12    God:    the Shining One [**....]
Gold:   77         SH:  0    Dex: 13    Spells: 5/5 levels left

rFire    . . .     SeeInvis .     - Unarmed
rCold    . . .     Faith    .   (no shield)
rNeg     + . .     Spirit   .   (armour unavailable)
rPois    .         Reflect  .   (helmet restricted)
rElec    .         Harm     .   (no cloak)
rCorr    .         Rampage  .   (no gloves)
Will     .....                  (no boots)
Stlth    +.........             (no amulet)
HPRegen  0.17/turn              (no ring)
MPRegen  0.10/turn              (no ring)

@: brilliant, lethally poisoned (0 -> -6), very slightly contaminated, glowing,
invisible (but backlit and visible)
A: AC +6, unfitting armour, cold-blooded
a: Renounce Religion, Divine Shield


You were on level 4 of the Dungeon.
You worshipped the Shining One.
The Shining One was pleased with you.
You visited 1 branch of the dungeon, and saw 4 of its levels.

You collected 77 gold pieces.

Inventory:

Hand Weapons
 a - a +0 whip
 e - a +0 club
 l - a +0 spear of venom
Armour
 i - a +0 cloak
Scrolls
 b - 2 scrolls of identify {unknown}
 c - 4 scrolls of teleportation {unknown}
 d - a scroll of brand weapon {unknown}
 f - a scroll of enchant weapon {unknown}
 h - a scroll of acquirement {unknown}


   Skills:
 - Level 3.2 Fighting
 + Level 3.0 Dodging
 - Level 1.7 Stealth
 * Level 7.4 Unarmed Combat


You had 5 spell levels left.
You didn't know any spells.
Your spell library contained the following spells:

 Spells                   Type           Power      Damage    Failure   Level
 Call Canine Familiar     Summ           0%         N/A       69%         3
 Portal Projectile        Hex/Tloc       0%         N/A       69%         3
 Leda's Liquefaction      Hex/Erth       0%         N/A       97%         4


Dungeon Overview and Level Annotations

Branches:
Dungeon (4/15)
 Temple: D:4-7

Altars:
Cheibriados
Dithmenos
Gozag
Nemelex Xobeh
The Shining One


Innate Abilities, Weirdness & Mutations

Your plain brown scales are hard. (AC +6)
You cannot fit into any form of body armour.
You are cold-blooded and may be slowed by cold attacks.


Message History

Your tail-slap misses the killer bee.
The killer bee stings you!
You are poisoned.
The killer bee poisons you! The killer bee barely misses you.
You barely miss the killer bee.
You feel very sick.
The killer bee buzzes angrily.
The killer bee stings you!
The killer bee stings you but does no damage. x2
You are too injured to fight recklessly!
You are too injured to fight recklessly!
You miss the killer bee.
You feel sick. The killer bee completely misses you.
The killer bee barely misses you.
You closely miss the killer bee.
You feel sick.
The killer bee buzzes angrily.
The killer bee stings you!
* * * LOW HITPOINT WARNING * * *
The killer bee stings you.
* * * LOW HITPOINT WARNING * * *
Unknown command.
Your +0 spear of venom stops dripping with poison.
You are now empty-handed.
The killer bee stings you.
* * * LOW HITPOINT WARNING * * *
You are lethally poisoned!
The killer bee poisons you!
You fail to use your ability.
* * * LOW HITPOINT WARNING * * *
You feel very sick. The killer bee barely misses you.
The killer bee stings you.
* * * LOW HITPOINT WARNING * * *
It was a potion of invisibility.
You become transparent, but the glow from your halo prevents you from becoming completely invisible.
* * * LOW HITPOINT WARNING * * *
You feel sick. The killer bee closely misses you.
The killer bee completely misses you.
You are very lightly contaminated with residual magic.
It was a potion of brilliance.
You feel clever all of a sudden. The Shining One protects you from harm!
The killer bee stings you.
You die...

#...# #...#..........#
#...#####.##..#.########
#...##..รท.....#.#
######......#####..#.#
............# #..#.####.
............# #..#.y...y
............# #)..##
######...##.#####....#
#.......@yoyy..##
#)..#######yy.## #.$.#
##.## ....... #...
...#....... ....#
#.#.##.#..##.# ###.# ..
. .....# # .# . . ###..#
.# .. ..#


You could see 5 killer bees and an orc.

Vanquished Creatures
  A scorpion (D:4)
  A water moccasin skeleton (D:4)
  2 bullfrog skeletons (D:4)
  Robin (D:2)
  9 gnolls
  6 adders
  An ufetubus (D:4)
  A worm (D:2)
  3 dart slugs
  An orc (D:3)
  3 endoplasms
  16 giant cockroaches
  16 goblins
  9 hobgoblins
  2 jackals (D:4)
  A kobold (D:1)
  3 quokkas
  5 ball pythons
  7 bats
  6 rats
94 creatures vanquished.

Notes
Turn   | Place    | Note
-------+----------+-------------------------------------------
     0 | D:1      | pkoi the Draconian Monk began the quest for the Orb.
     0 | D:1      | Reached XP level 1. HP: 19/19 MP: 1/1
   315 | D:1      | Reached XP level 2. HP: 23/26 MP: 2/2
   578 | D:1      | Reached skill level 4 in Unarmed Combat
   735 | D:1      | Reached XP level 3. HP: 31/31 MP: 3/3
  1627 | D:2      | Reached XP level 4. HP: 35/38 MP: 4/4
  1640 | D:2      | Reached skill level 5 in Unarmed Combat
  1641 | D:2      | Noticed Robin
  2071 | D:2      | Killed Robin
  2484 | D:2      | You fall into a shaft and drop 2 floors!
  2610 | D:4      | Noticed a scorpion
  2629 | D:4      | Killed a scorpion
  2630 | D:4      | Reached skill level 6 in Unarmed Combat
  2630 | D:4      | Reached XP level 5. HP: 34/45 MP: 5/5
  2921 | D:3      | Found a shadowy altar of Dithmenos.
  2921 | D:3      | Found a glowing golden altar of the Shining One.
  3074 | D:3      | Became a worshipper of the Shining One
  3074 | D:3      | Reached * piety under the Shining One
  3074 | D:3      | Reached ** piety under the Shining One
  3105 | D:3      | Found a snail-covered altar of Cheibriados.
  3608 | D:3      | Reached XP level 6. HP: 24/51 MP: 6/6
  4000 | D:3      | Found an opulent altar of Gozag.
  4036 | D:3      | Found a sparkling altar of Nemelex Xobeh.
  4647 | D:2      | Reached skill level 7 in Unarmed Combat
  4973 | D:4      | HP: 2/51 [poisoned by a killer bee]
  4974 | D:4      | The Shining One protects you from harm!
  4974 | D:4      | Slain by a killer bee

Illustrated notes

Levels and vault maps discovered:
D:1:      dpeg_arrival_tiny_k, layout_loops_cross, minmay_split_cup_small
D:2:      minmay_roachtagon, layout_basic, uniq_robin
D:3:      layout_basic, mainiacjoe_overflow_cross_hatched, old_standard_altar,
          lemuel_round_altar, gammafunk_temple_overflow_statue
D:4:      layout_loops_cross

Skill      XL: |  1  2  3  4  5  6 |
---------------+-------------------+-----
Unarmed Combat | 4 6 7 |  7.4
Dodging        | 3 |  3.0
Fighting       | |  3.2
Stealth        | |  1.7

Action                   |  1- 3 |  4- 6 || total
-------------------------+-------+-------++-------
Melee: Unarmed           |   173 |   138 ||   311
       Tailslap          |    16 |    15 ||    31
       Punch             |     2 |     1 ||     3
       Spear             |       |    25 ||    25
Evoke: Wand              |       |     6 ||     6
  Use: Potion            |     1 |     2 ||     3
       Scroll            |       |     1 ||     1
 Stab: Sleeping          |     5 |     1 ||     6
Armor: Skin              |    60 |    50 ||   110
Dodge: Dodged            |   110 |    74 ||   184
